 Dungeon Crawl Stone Soup version 0.19.1 (webtiles) character file.

1776 trangsko the Cleaver (level 9, -13/75 HPs)
             Began as a Hill Orc Fighter on Dec 7, 2016.
             Was a Follower of Trog.
             Killed by nerve-wracking pain
             ... invoked by an orc priest
              (14 damage)
             ... on level 6 of the Dungeon on Dec 8, 2016.
             The game lasted 01:37:10 (6833 turns).

trangsko the Cleaver (Hill Orc Fighter)             Turns: 6833, Time: 01:37:11

Health: -13/75     AC:  7    Str: 19    XL:     9   Next: 8%
Magic:  9/9        EV:  7    Int:  8    God:    Trog [*.....]
Gold:   383        SH: 15    Dex: 13    Spells: 0 memorised, 8 levels left

rFire  . . .     SeeInvis .     a - +0 war axe
rCold  . . .     Gourm    .     b - +0 scale mail
rNeg   . . .     Faith    .     e - +0 large shield
rPois  .         Spirit   .     (no helmet)
rElec  .         Reflect  .     (no cloak)
rCorr  +         Harm     .     (no gloves)
MR     .....     Rnd*Tele +     (no boots)
Stlth  ..........               (no amulet)
                                c - ring of teleportation (curse)
                                V - ring of resist corrosion

@: no status effects
A: no striking features
a: Berserk, Burn Spellbooks, Renounce Religion, Convert to Beogh


You were on level 6 of the Dungeon.
You worshipped Trog.
Trog was aware of your devotion.
You were not hungry.

You visited 2 branches of the dungeon, and saw 7 of its levels.

You collected 383 gold pieces.

Inventory:

Hand Weapons
 a - a +0 war axe (weapon)
 h - a +2 dagger of protection
 o - a +3 quarterstaff of chaos
 q - a +3 dagger
 v - a +1 antimagic short sword
 z - a +0 dagger of protection
 H - a +0 hunting sling
 I - a +0 short sword of draining
 M - a +1 flail of crushing
 N - a cursed -2 flail
 T - a +0 shortbow
 X - a +0 scythe
Missiles
 t - 125 arrows
 u - 134 stones (quivered)
 J - 8 tomahawks
 K - 63 bolts
Armour
 b - a +0 scale mail (worn)
 e - a +0 large shield (worn)
 k - the +4 robe of Pajiroj {rF- Str+4, unknown}
   (You found it on level 4 of the Dungeon)

   It affects your strength (+4).
   It makes you vulnerable to fire.
 l - a +0 robe
 r - a +0 scale mail
 P - a +0 chain mail
 Y - the +3 leather armour of Patience {+Fly, unknown}
   (You found it on level 4 of the Dungeon)

   It lets you fly.
Jewellery
 c - a cursed ring of teleportation (right hand)
 g - an uncursed ring of flight
 V - a ring of resist corrosion (left hand)
Wands
 n - a wand of digging (4/24)
Scrolls
 i - a scroll of enchant armour {unknown}
 j - a scroll of recharging {unknown}
 m - 2 scrolls of teleportation {unknown}
 p - 3 scrolls of amnesia {unknown}
 s - a scroll of random uselessness {unknown}
 S - 2 scrolls of identify {unknown}
 W - a scroll of remove curse {unknown}
 Z - a scroll of enchant weapon {unknown}
Potions
 d - 2 potions of might
 w - 2 potions of berserk rage {unknown}
 B - a potion of ambrosia {unknown}
 C - a potion of magic {unknown}
 D - a potion of curing {unknown}
 E - a potion of degeneration {unknown}
 G - a potion of flight {unknown}
 L - a potion of mutation {unknown}
 Q - a potion of brilliance {unknown}
 R - a potion of heal wounds {unknown}
Books
 O - a book of Conjurations

   Spells                             Type                      Level
   a - Magic Dart                     Conjuration                  1
   b - Searing Ray                    Conjuration                  2
   c - Dazzling Spray                 Conjuration/Hexes            3
   d - Fulminant Prism                Conjuration/Hexes            4
   e - Iskenderun's Mystic Blast      Conjuration                  4
   f - Iskenderun's Battlesphere      Conjuration/Charms           5
   Trog disapproves of the use of such an item.
Comestibles
 f - 3 bread rations


   Skills:
 + Level 6.0 Fighting
 + Level 9.8 Axes
 + Level 0.5 Slings
 + Level 5.7 Armour
 + Level 1.7 Dodging
 + Level 0.8 Stealth
 + Level 7.0 Shields


You had 8 spell levels left.
You didn't know any spells.

Dungeon Overview and Level Annotations

Branches:
Dungeon (6/15)             Temple (1/1) D:6

Altars:
Ashenzari
Cheibriados
Elyvilon
Fedhas
Gozag
Hepliaklqana
Kikubaaqudgha
Makhleb
Okawaru
Qazlal
Ru
Sif Muna
Trog
Uskayaw
Vehumet
Xom
Yredelemnul
Zin
The Shining One

Shops:
D:5 :


Message History

You closely miss the orc.
The orc is heavily wounded.
You block the orc's attack. The orc hits you but does no damage.
You slash the orc!
You kill the orc!
Trog accepts your kill.
You hit the orc priest.
The orc priest is lightly wounded.
You block the orc priest's attack.
Your shield and scale mail prevent you from hitting the orc priest.
The orc priest is lightly wounded.
You block the orc priest's attack.
You closely miss the orc priest.
The orc priest is lightly wounded.
The orc priest calls down the wrath of Beogh upon you.
Beogh smites you!
* * * LOW HITPOINT WARNING * * *
The orc priest mumbles some strange prayers to Beogh against you.
Pain shoots through your body!
You die...

#.# #####.........
#####.#
#####......#......
#....>#
#.....###.........
#.##### #..##.#
#.#.#..... #.#
#..#..###.........
#.#
#..#......#.###.##
#.# ##..#.##.###.#
# #.#
#...#.##J###.###.#
#.#
#....@.o#)J>..%..#
#.#
##...(..###o#.##/.#
#.#####...###.##
##...# ....
#...<...#. #...#
#.##.# ####
#####.####...##.#.#
.# #.).###...###.#
o# #...............
%. #.....#...### ..
.< ##.._.......##
.#


You could see a jelly and an orc priest.

Vanquished Creatures
  Sigmund (D:6)
  2 sky beasts (D:5)
  An orc warrior (D:6)
  A centaur (D:5)
  A phantom (D:5)
  A bullfrog (D:6)
  3 scorpions
  2 howler monkeys
  4 crimson imps
  A centaur zombie (D:5)
  A bullfrog zombie (D:5)
  Crazy Yiuf (D:4)
  3 orc priests
  2 hounds
  A bullfrog skeleton (D:3)
  7 orc wizards
  4 worker ants
  8 adders
  2 shadow imps
  An adder zombie (D:5)
  2 worms
  3 dart slugs
  5 leopard geckos
  21 orcs
  4 giant cockroaches
  4 goblins
  6 hobgoblins
  8 jackals (D:1)
  8 kobolds
  6 quokkas
  2 ball pythons
  9 bats
  3 frilled lizards
  6 rats
  A spectral orc (D:4)
135 creatures vanquished.

Vanquished Creatures (others)
  A wizard (D:4)
1 creature vanquished.

Grand Total: 136 creatures vanquished

Notes
Turn   | Place    | Note
-------+----------+-------------------------------------------
     0 | D:1      | trangsko the Hill Orc Fighter began the quest for the Orb.
     0 | D:1      | Reached XP level 1. HP: 19/19 MP: 1/1
     0 | D:1      | Noticed a mottled draconian
     0 | D:1      | Noticed an orb of fire
     1 | D:1      | Noticed an ice dragon
     3 | D:1      | Noticed a shadow dragon
     6 | D:1      | Noticed a shadow dragon
     8 | D:1      | Noticed an orb of fire
     9 | D:1      | Noticed a tentacled monstrosity
    11 | D:1      | Noticed an ice dragon
    11 | D:1      | Noticed a red draconian
    13 | D:1      | Noticed a shadow dragon
    13 | D:1      | Noticed an orb of fire
    15 | D:1      | Noticed an iron dragon
    17 | D:1      | Noticed a shadow dragon
    17 | D:1      | Noticed an ice dragon
    17 | D:1      | Noticed an ice dragon
    19 | D:1      | Noticed a large abomination
    19 | D:1      | Noticed a purple draconian
    77 | D:1      | Reached XP level 2. HP: 26/27 MP: 2/2
   123 | D:1      | Reached skill level 3 in Axes
   546 | D:1      | Reached XP level 3. HP: 31/33 MP: 3/3
  1473 | D:2      | Reached XP level 4. HP: 39/40 MP: 4/4
  1554 | D:3      | Reached skill level 4 in Axes
  1677 | D:3      | Reached XP level 5. HP: 46/46 MP: 5/5
  2060 | D:3      | Reached skill level 5 in Axes
  2339 | D:4      | Reached XP level 6. HP: 30/52 MP: 6/6
  2517 | D:4      | Found a bloodstained altar of Trog.
  2530 | D:4      | Noticed a wizard
  2535 | D:4      | Killed a wizard
  2542 | D:4      | Became a worshipper of Trog the Wrathful
  2637 | D:4      | Got a distressingly furry leather armour
  2656 | D:4      | Reached skill level 6 in Axes
  2890 | D:4      | Got a ripped robe
  2911 | D:4      | Found a runed door.
  2915 | D:4      | Noticed Crazy Yiuf
  2962 | D:4      | Killed Crazy Yiuf
  3216 | D:4      | Found a basalt altar of Yredelemnul.
  3576 | D:5      | Entered Level 5 of the Dungeon
  3691 | D:5      | Reached skill level 5 in Shields
  3799 | D:5      | Reached XP level 7. HP: 53/60 MP: 7/7
  3978 | D:5      | Reached skill level 1 in Dodging
  3982 | D:5      | Reached skill level 7 in Axes
  4269 | D:5      | Reached skill level 5 in Fighting
  4278 | D:5      | Reached * piety under Trog
  4538 | D:5      | Reached skill level 8 in Axes
  4538 | D:5      | Reached XP level 8. HP: 53/68 MP: 8/8
  4868 | D:5      | Found Onuocoov's Book Emporium.
  5687 | D:6      | Found a hide-covered altar of Uskayaw.
  5687 | D:6      | Noticed Sigmund
  6014 | D:6      | Killed Sigmund
  6014 | D:6      | Reached skill level 9 in Axes
  6014 | D:6      | Reached skill level 5 in Armour
  6080 | D:6      | Found a deep blue altar of Sif Muna.
  6320 | D:5      | Reached XP level 9. HP: 24/75 MP: 9/9
  6596 | D:6      | Found a staircase to the Ecumenical Temple.
  6602 | Temple   | Entered the Ecumenical Temple
  6831 | D:6      | HP: 1/75 [orc priest/divine providence (15)]
  6833 | D:6      | Killed from afar by an orc priest

Skill      XL: |  1  2  3  4  5  6  7  8  9 |
---------------+----------------------------+-----
Axes           | 3 4 5 6 8 9 |  9.8
Shields        | 4 5 6 7 |  7.0
Fighting       | 4 5 6 |  6.0
Armour         | 4 5 |  5.7
Dodging        | 1 |  1.7
Slings         | |  0.5
Stealth        | |  0.8

Action                   |  1- 3 |  4- 6 |  7- 9 || total
-------------------------+-------+-------+-------++-------
Melee: War axe           |   120 |   155 |   310 ||   585
 Fire: Hunting sling     |       |       |     4 ||     4
  Eat: Chunk             |     2 |     7 |     3 ||    12
       Pizza             |       |     1 |       ||     1
       Meat ration       |       |       |     1 ||     1
       Bread ration      |       |       |     1 ||     1
Armor: Scale mail        |    85 |    43 |    58 ||   186
       Chain mail        |       |     2 |    31 ||    33
Dodge: Dodged            |    52 |    31 |    44 ||   127
Block: Shield            |    96 |    47 |       ||   143
       Large shield      |       |    20 |   221 ||   241
